Map: Jagannatha LE

Players

freebuttouch

  • Race: Zerg Zerg
  • League: Diamond

bQscbQsc - Winner!

  • Race: Terran Terran
  • League: Platinum

VOD

Have the link to the VOD?

Description

Time

  • Played on: Sept. 5, 2021, 9:47 p.m.
  • Length: 11:12
Show
View Real Time Build Order
Export as new Build Order

freebuttouch Zerg 

Build Orders: Hatch First 

Get SALT Encoding   

  12  0:00  Drone  
  13  0:10  Drone  
  14  0:16  Overlord  
  14  0:34  Drone x2  
  14  0:35  Drone  
  17  0:52  Hatchery  
  17  0:56  Drone  
  17  1:00  Drone  
  18  1:14  Extractor  
  18  1:17  Spawning Pool  
  18  1:18  Drone  
  17  1:21  Drone  
  18  1:28  Drone  
  19  1:39  Drone  
  20  1:51  Overlord  
  20  2:04  Queen x2  
  20  2:05  Zergling x4  
  26  2:12  Drone  
  26  2:15  Drone, Metabolic Boost  
  28  2:22  Drone  
  29  2:30  Drone  
  29  2:36  Overlord  
  30  2:47  Hatchery  
  30  2:49  Drone x2  
  30  2:50  Drone  
  32  2:54  Drone  
  33  2:58  Drone  
  34  3:08  Queen  
  36  3:14  Overlord  
  36  3:18  Overlord  
  36  3:22  Overlord  
  36  3:32  Queen  
  36  3:33  Drone x2  
  36  3:34  Drone x3  
  43  3:37  Drone  
  43  3:40  Drone  
  45  3:46  Baneling Nest  
  45  3:48  Evolution Chamber  
  43  3:55  Drone x2  
  43  3:58  Drone  
  43  4:02  Drone x2  
  48  4:05  Spore Crawler x2  
  48  4:06  Drone x4  
  50  4:14  Drone x3  
  50  4:15  Drone  
  54  4:19  Extractor  
  53  4:24  Roach Warren  
  53  4:25  Drone x2  
  53  4:28  Drone  
  55  4:32  Drone, Overlord  
  55  4:34  Overlord  
  55  4:36  Overlord  
  56  4:39  Drone  
  56  4:40  Drone  
  56  4:41  Drone  
  56  4:44  Baneling  
  56  4:45  Baneling x3  
  59  4:46  Zergling x2  
  59  4:48  Zergling x2  
  59  4:49  Zergling x2  
  59  4:50  Zergling x2  
  63  5:05  Queen  
  65  5:10  Roach  
  65  5:11  Roach x6  
  79  5:15  Drone x3  
  79  5:16  Drone  
  79  5:17  Drone  
  84  5:22  Lair  
  84  5:34  Drone x6  
  90  5:38  Overlord  
  90  5:42  Overlord  
  90  5:48  Hatchery  
  90  5:49  Drone  
  90  5:53  Overlord  
  90  5:54  Extractor  
  90  5:55  Extractor  
  90  5:56  Overlord  
  88  5:58  Zergling x2  
  88  5:59  Zergling x8  
  93  6:05  Extractor  
  93  6:06  Drone x3  
  93  6:08  Drone x3  
  98  6:11  Drone  
  98  6:12  Extractor  
  98  6:17  Zerg Melee Weapons Level 1  
  98  6:23  Hydralisk Den  
  98  6:24  Drone x2, Infestation Pit  
  98  6:25  Drone  
  99  6:26  Drone x4, Evolution Chamber  
  102  6:34  Spore Crawler, Zergling x12  
  107  6:46  Baneling  
  107  6:47  Baneling x12  
  107  6:57  Drone x7  
  114  7:03  Overlord x5  
  114  7:09  Drone  
  114  7:12  Zerg Ground Armor Level 1  
  114  7:13  Hatchery, Hydralisk, Muscular Augments  
  116  7:16  Hydralisk  
  116  7:18  Hydralisk  
  120  7:24  Queen  
  120  7:29  Zergling x14  
  129  7:46  Hive  
  129  7:50  Drone x10  
  139  7:56  Glial Reconstitution  
  139  8:00  Drone x5  
  139  8:01  Overlord  
  139  8:02  Overlord x3  
  139  8:04  Overseer x3  
  144  8:07  Pneumatized Carapace  
  144  8:09  Burrow  
  144  8:11  Extractor x2  
  144  8:12  Spore Crawler  
  141  8:13  Drone x4, Spore Crawler  
  128  8:22  Roach  
  128  8:23  Roach x6  
  128  8:24  Grooved Spines  
  114  8:29  Zergling x2  
  114  8:30  Zergling x14  
  114  8:32  Centrifical Hooks  
  102  8:34  Zerg Melee Weapons Level 2  
  102  8:37  Queen  
  102  8:40  Zergling x2  
  102  8:41  Zergling x6  
  98  8:48  Roach  
  98  8:49  Roach x3  
  98  8:51  Baneling  
  98  8:52  Baneling x6  
  98  8:53  Baneling x2  
  98  8:54  Baneling  
  104  8:58  Drone x4  
  108  9:03  Baneling  
  108  9:04  Baneling x9  
  108  9:05  Baneling  
  108  9:06  Baneling x2  
  108  9:07  Baneling  
  108  9:28  Drone x11, Hatchery  
  118  9:39  Roach  
  118  9:40  Roach x6  
  118  9:45  Roach x2  
  136  9:46  Roach  
  125  9:57  Zergling x2  
  125  9:58  Zergling x18  
  132  10:02  Drone x4  
  136  10:11  Lurker Den  
  136  10:13  Ultralisk Cavern  
  134  10:14  Drone x3  
  134  10:15  Drone  
  134  10:16  Drone  
  134  10:18  Hydralisk  
  123  10:32  Ravager x8  
  123  10:34  Zergling x2  
  123  10:35  Zergling x18  
  132  10:36  Zergling x2  
Show
View Real Time Build Order
Export as new Build Order

bQscbQsc Terran - Winner!

Build Orders: Gas First Reaper Expand 

Get SALT Encoding   

  12  0:01  SCV  
  13  0:13  SCV  
  14  0:17  Supply Depot  
  14  0:25  SCV  
  15  0:35  Refinery  
  15  0:41  Barracks  
  15  0:45  SCV  
  16  0:57  SCV  
  17  1:09  SCV  
  18  1:22  SCV  
  19  1:28  Reaper  
  20  1:34  Orbital Command  
  20  1:46  Command Center  
  20  1:56  Supply Depot  
  20  2:00  Marine  
  20  2:01  SCV  
  22  2:13  SCV  
  23  2:25  SCV  
  23  2:26  Bunker  
  24  2:37  SCV  
  24  2:40  Barracks Reactor  
  25  2:44  Factory  
  25  2:49  SCV  
  26  2:59  Command Center  
  26  3:01  SCV  
  28  3:07  Orbital Command  
  27  3:13  Refinery, SCV  
  27  3:16  Marine x2  
  30  3:25  SCV  
  31  3:28  Supply Depot  
  31  3:29  Factory Tech Lab  
  31  3:35  SCV  
  31  3:37  Marine x2  
  31  3:38  SCV  
  35  3:48  Cyclone, SCV  
  39  3:50  SCV  
  39  3:55  Marine x2  
  42  4:00  Supply Depot, SCV  
  42  4:02  SCV  
  44  4:04  Barracks  
  44  4:12  Orbital Command, SCV  
  44  4:14  SCV  
  46  4:18  Barracks  
  46  4:24  SCV  
  46  4:26  Siege Tank, SCV  
  46  4:27  Marine  
  46  4:29  Marine  
  53  4:36  SCV  
  53  4:38  SCV  
  55  4:39  Supply Depot  
  55  4:40  SCV  
  56  4:45  Marine, Refinery  
  56  4:47  Marine  
  56  4:48  SCV  
  56  4:50  SCV  
  56  4:52  SCV  
  61  4:53  Starport  
  61  4:55  Barracks Tech Lab  
  61  5:00  SCV  
  61  5:02  Siege Tank, SCV  
  61  5:04  SCV  
  67  5:08  Barracks Reactor  
  67  5:11  Barracks  
  67  5:14  Stimpack  
  67  5:18  Barracks, Marauder  
  67  5:21  SCV x3  
  72  5:28  Marine  
  72  5:29  Marine, Refinery  
  72  5:32  Supply Depot  
  72  5:33  SCV  
  72  5:35  Supply Depot  
  75  5:36  Engineering Bay  
  75  5:38  Starport Reactor  
  75  5:44  Siege Tank, Marauder  
  80  5:51  Orbital Command, Supply Depot  
  80  5:54  Marine x4  
  84  6:00  Supply Depot  
  84  6:01  Barracks Reactor  
  84  6:08  Hi-Sec Auto Tracking  
  84  6:10  Missile Turret  
  84  6:11  Barracks Tech Lab  
  84  6:13  Marine x2, Marauder  
  84  6:14  Marine x2  
  90  6:19  Medivac x2  
  90  6:21  SCV  
  90  6:22  SCV  
  90  6:23  SCV  
  90  6:24  Supply Depot  
  97  6:28  Siege Tank  
  97  6:32  Marauder  
  102  6:37  SCV x3  
  105  6:40  Combat Shield  
  105  6:47  Supply Depot  
  105  6:49  SCV x3  
  105  6:53  Marine x2, Marauder  
  105  6:54  Marine x4  
  113  6:56  Medivac, Marauder  
  113  7:01  SCV x2  
  122  7:02  Supply Depot  
  122  7:03  Siege Tank  
  122  7:04  Supply Depot  
  125  7:09  Refinery  
  125  7:11  Refinery  
  125  7:12  Medivac  
  125  7:13  SCV x3  
  130  7:21  Terran Infantry Weapons Level 1  
  130  7:24  Marine x4  
  130  7:25  Marine x2, SCV  
  130  7:27  Marauder, Supply Depot x2  
  130  7:29  Marauder  
  141  7:45  Medivac  
  141  7:46  Medivac  
  141  7:48  Marine x2, Marauder  
  141  7:49  Marine x3  
  141  7:50  Marine  
  153  7:59  Siege Tank  
  153  8:03  Marauder  
  158  8:06  Armory  
  158  8:09  Supply Depot  
  158  8:10  Engineering Bay  
  158  8:12  Supply Depot  
  140  8:34  Marine, Marauder x2  
  140  8:35  Marine x4  
  140  8:36  Marine, Siege Tank  
  140  8:37  Medivac x2  
  157  8:56  Marauder x2  
  157  8:57  Command Center  
  157  9:01  Factory  
  161  9:05  Barracks  
  161  9:06  Barracks  
  161  9:10  Marine x5  
  161  9:11  Marine  
  161  9:13  Siege Tank  
  161  9:14  Terran Vehicle Weapons Level 1  
  170  9:17  Marauder  
  172  9:25  Command Center  
  172  9:30  Marine x2, Marauder  
  172  9:31  Marine x4  
  178  9:34  Supply Depot  
  180  9:42  Supply Depot  
  180  9:45  Supply Depot  
  180  9:46  Factory Tech Lab  
  180  9:51  Siege Tank, Marauder  
  152  10:06  Marauder  
  154  10:07  Barracks Reactor, Marine x4, Barracks Tech Lab  
  154  10:08  Marine x2  
  154  10:10  Siege Tank  
  154  10:12  Marauder  
Tags
 
Add a new tag
Caveats
  • Supply blocks, unpowered buildings, or Contaminate may cause inaccurate times.
  • Supply counts are checked every 10 seconds.